Map: Dusk Towers

Players

Neeb - Winner!

  • Race: Protoss Protoss
  • League: Grandmaster

True

  • Race: Zerg Zerg

VOD

Have the link to the VOD?

Description

Time

  • Played on: Dec. 14, 2015, 4:28 p.m.
  • Length: 13:54
Show
View Real Time Build Order
Export as new Build Order

Neeb Protoss - Winner!

Build Orders: Nexus First, Oracle Opening 

Get SALT Encoding   

  12  0:01  Probe (Chrono Boost)  
  13  0:11  Probe (Chrono Boost)  
  14  0:18  Pylon  
  14  0:22  Probe (Chrono Boost)  
  15  0:36  Probe (Chrono Boost)  
  16  0:46  Probe (Chrono Boost)  
  17  0:57  Probe (Chrono Boost)  
  17  1:00  Nexus  
  18  1:08  Probe (Chrono Boost)  
  19  1:13  Gateway  
  19  1:18  Probe (Chrono Boost)  
  20  1:28  Assimilator  
  20  1:29  Probe (Chrono Boost)  
  21  1:33  Pylon  
  21  1:39  Probe (Chrono Boost)  
  22  1:41  Assimilator  
  22  1:50  Probe (Chrono Boost)  
  22  1:51  Gateway  
  23  2:00  Probe (Chrono Boost)  
  24  2:03  Cybernetics Core  
  24  2:11  Probe (Chrono Boost)  
  24  2:13  Probe (Chrono Boost)  
  26  2:21  Probe (Chrono Boost)  
  27  2:23  Probe (Chrono Boost)  
  28  2:32  Probe (Chrono Boost)  
  28  2:34  Probe (Chrono Boost)  
  30  2:39  Adept x2 (Chrono Boost)  
  30  2:43  Probe  
  35  2:45  Probe  
  35  2:47  Stargate  
  36  2:54  Warp Gate  
  36  2:55  Probe  
  36  2:57  Probe  
  38  3:04  Adept (Chrono Boost)  
  40  3:06  Adept (Chrono Boost)  
  40  3:07  Probe  
  40  3:09  Probe  
  40  3:11  Pylon  
  44  3:19  Probe, Pylon  
  45  3:21  Probe  
  46  3:31  Probe, Oracle (Chrono Boost)  
  50  3:36  Adept x2  
  50  3:39  Probe  
  55  3:43  Probe, Assimilator  
  56  3:51  Probe  
  58  3:56  Pylon  
  58  4:02  Mothership Core (Chrono Boost)  
  59  4:03  Probe (Chrono Boost)  
  60  4:15  Probe (Chrono Boost)  
  60  4:17  Gateway  
  61  4:21  Probe (Chrono Boost)  
  62  4:25  Probe (Chrono Boost)  
  62  4:26  Nexus, Pylon  
  63  4:31  Probe (Chrono Boost)  
  63  4:36  Probe (Chrono Boost)  
  65  4:41  Pylon  
  65  4:42  Probe (Chrono Boost), Oracle  
  69  4:46  Probe (Chrono Boost)  
  71  4:53  Probe (Chrono Boost)  
  71  4:54  Twilight Council  
  71  4:55  Forge  
  71  4:57  Probe (Chrono Boost), Pylon  
  72  5:03  Probe (Chrono Boost)  
  73  5:07  Probe (Chrono Boost)  
  73  5:11  Assimilator  
  73  5:12  Sentry x3  
  73  5:14  Probe (Chrono Boost)  
  81  5:18  Probe (Chrono Boost), Assimilator  
  81  5:19  Protoss Ground Weapons Level 1  
  82  5:24  Probe (Chrono Boost), Assimilator  
  83  5:28  Probe (Chrono Boost)  
  83  5:34  Probe (Chrono Boost)  
  85  5:39  Probe x2, Blink (Chrono Boost)  
  87  5:46  Probe  
  87  5:49  Probe, Robotics Facility  
  88  5:51  Probe  
  87  5:59  Probe  
  87  6:00  Probe  
  87  6:03  Probe  
  90  6:05  Gateway  
  90  6:08  Gateway x2  
  90  6:10  Probe  
  90  6:11  Probe  
  91  6:12  Gateway  
  91  6:14  Gateway  
  91  6:15  Probe  
  93  6:20  Stalker x2  
  93  6:21  Stalker  
  93  6:22  Probe  
  93  6:23  Probe  
  93  6:25  Pylon  
  101  6:31  Probe  
  101  6:32  Probe, Pylon  
  102  6:37  Observer  
  104  6:43  Stalker x2  
  104  6:44  Stalker  
  110  6:49  Probe x2  
  103  7:01  Observer  
  103  7:04  Probe  
  98  7:11  Stalker x5  
  98  7:12  Stalker  
  98  7:15  Nexus, Pylon  
  110  7:16  Stalker, Pylon  
  110  7:21  Protoss Ground Weapons Level 2  
  112  7:24  Immortal  
  112  7:26  Pylon  
  112  7:27  Pylon x2  
  112  7:28  Probe  
  116  7:30  Probe x2  
  116  7:31  Pylon  
  116  7:32  Pylon  
  119  7:46  Charge (Chrono Boost)  
  119  7:47  Stalker  
  119  7:48  Stalker x6  
  132  7:56  Phoenix  
  134  7:58  Stargate  
  134  8:03  Pylon  
  134  8:06  Probe  
  134  8:07  Probe x2  
  137  8:13  Photon Cannon  
  137  8:15  Photon Cannon  
  137  8:17  Assimilator  
  137  8:19  Photon Cannon  
  137  8:21  Photon Cannon  
  137  8:23  Assimilator  
  137  8:24  Templar Archives, Phoenix (Chrono Boost)  
  139  8:27  Pylon  
  139  8:29  Protoss Air Weapons Level 1  
  139  8:33  Photon Cannon  
  139  8:34  Photon Cannon  
  139  8:47  Phoenix (Chrono Boost)  
  143  8:49  Phoenix (Chrono Boost)  
  143  8:56  Stalker x2  
  143  8:57  Stalker x5  
  155  9:09  Phoenix (Chrono Boost)  
  159  9:14  Phoenix (Chrono Boost)  
  159  9:16  Fleet Beacon  
  163  9:19  Photon Cannon  
  156  9:28  Probe x2  
  156  9:30  Stalker x5, Phoenix (Chrono Boost)  
  159  9:44  Phoenix (Chrono Boost)  
  159  9:46  Probe x2  
  159  9:48  Probe x2  
  159  9:52  Phoenix (Chrono Boost)  
  161  9:57  Probe  
  162  10:00  Mothership Core, Probe  
  162  10:01  Graviton Catapult  
  162  10:02  Probe  
  162  10:04  Photon Cannon  
  162  10:06  High Templar, Photon Cannon  
  162  10:07  High Templar  
  170  10:10  Archon  
  170  10:12  Phoenix (Chrono Boost)  
  169  10:20  Phoenix (Chrono Boost)  
  168  10:21  Adept x2  
  168  10:22  Adept x3  
  168  10:25  Probe x2  
  168  10:26  Probe x2  
  175  10:37  Probe x2, Dark Shrine, Phoenix (Chrono Boost)  
  172  10:45  Phoenix (Chrono Boost)  
  172  10:46  Photon Cannon  
  176  10:50  Mothership Core  
  176  10:53  Probe x2  
  176  10:55  Probe  
  176  10:56  Photon Cannon x2  
  179  11:00  Protoss Air Weapons Level 2  
  179  11:02  Phoenix (Chrono Boost)  
  181  11:05  Anion Pulse-Crystals  
  181  11:07  Phoenix (Chrono Boost)  
  183  11:12  Stalker x2  
  176  11:23  Probe  
  175  11:27  Phoenix (Chrono Boost)  
  175  11:31  Probe  
  172  11:33  Phoenix (Chrono Boost)  
  172  11:36  Probe x2  
  172  11:37  Probe  
  168  11:48  Probe  
  168  11:52  Phoenix (Chrono Boost)  
  169  11:55  Phoenix (Chrono Boost), High Templar x2  
  169  11:56  Immortal  
  169  11:59  Photon Cannon  
  179  12:01  Archon, Photon Cannon  
  179  12:07  Probe  
  178  12:09  Probe x2  
  178  12:11  Probe  
  181  12:18  Nexus  
  181  12:22  Phoenix (Chrono Boost)  
  185  12:25  Phoenix (Chrono Boost)  
  184  12:30  Stalker x6  
  174  12:45  Phoenix (Chrono Boost)  
  170  12:52  Stalker x2, Phoenix (Chrono Boost)  
  163  13:07  Phoenix (Chrono Boost)  
  153  13:21  Stalker x5  
  139  13:41  Probe x3  
Show
View Real Time Build Order
Export as new Build Order

True Zerg 

Build Orders: 3 Hatch before Pool 

Get SALT Encoding   

  12  0:01  Drone  
  13  0:13  Overlord  
  13  0:17  Drone  
  14  0:32  Drone x2  
  16  0:36  Drone  
  17  0:53  Hatchery  
  16  0:58  Drone  
  17  1:07  Drone  
  17  1:08  Drone  
  19  1:21  Extractor  
  18  1:26  Hatchery  
  17  1:38  Spawning Pool  
  16  1:42  Drone  
  16  1:44  Extractor  
  16  1:46  Drone  
  17  1:50  Drone  
  17  1:54  Drone  
  19  2:07  Drone  
  20  2:10  Drone  
  21  2:16  Drone  
  21  2:17  Drone  
  23  2:25  Drone, Queen  
  23  2:29  Queen  
  28  2:38  Queen  
  30  2:44  Metabolic Boost  
  30  2:49  Overlord  
  30  2:56  Zergling x6  
  30  2:58  Zergling x2  
  34  3:10  Zergling x4  
  34  3:12  Queen  
  38  3:13  Overlord  
  38  3:16  Drone  
  38  3:18  Drone  
  38  3:19  Drone  
  41  3:21  Drone  
  41  3:27  Overlord  
  42  3:32  Drone x2  
  42  3:33  Drone  
  45  3:38  Drone x2  
  45  3:39  Drone  
  48  3:42  Drone  
  48  3:43  Drone  
  48  3:45  Drone  
  51  3:56  Overlord  
  51  3:57  Drone x2  
  53  4:03  Zergling x2  
  53  4:07  Queen x2  
  53  4:08  Overlord  
  58  4:11  Overlord  
  58  4:12  Overlord  
  58  4:29  Zergling x14  
  64  4:38  Zergling x10  
  69  4:49  Zergling x2  
  69  4:50  Zergling x14  
  77  4:57  Drone  
  77  4:59  Overlord  
  78  5:00  Drone  
  78  5:05  Extractor x2  
  78  5:06  Drone  
  78  5:10  Drone  
  78  5:11  Drone  
  80  5:16  Drone x2  
  80  5:17  Drone x4  
  80  5:18  Drone  
  80  5:19  Drone  
  80  5:20  Drone  
  89  5:22  Drone  
  89  5:23  Overlord  
  89  5:26  Drone  
  91  5:32  Overlord  
  91  5:35  Drone  
  92  5:38  Lair, Drone  
  92  5:39  Hatchery, Extractor  
  92  5:42  Extractor x2  
  89  5:43  Drone x4  
  89  5:47  Drone x2  
  95  5:53  Drone  
  93  5:57  Drone  
  93  5:58  Drone  
  93  5:59  Drone x3  
  93  6:00  Drone  
  99  6:10  Drone x5  
  100  6:19  Drone x2  
  100  6:20  Drone  
  100  6:21  Drone x2  
  104  6:33  Roach Warren  
  104  6:35  Queen  
  105  6:45  Overlord x2, Spire  
  104  6:47  Overlord  
  104  6:49  Queen  
  99  6:58  Zergling x12  
  99  6:59  Zergling x10  
  99  7:00  Zergling x2  
  101  7:03  Zergling x2  
  95  7:08  Queen  
  95  7:15  Zergling x16  
  106  7:20  Zergling x6  
  109  7:24  Zergling x8  
  109  7:25  Queen  
  109  7:26  Hatchery  
  109  7:27  Zergling x2  
  109  7:28  Zergling x2  
  109  7:29  Zergling x2  
  117  7:31  Overlord, Extractor  
  117  7:32  Zergling x2  
  117  7:33  Extractor  
  117  7:36  Zergling x4  
  102  8:00  Mutalisk x9  
  102  8:01  Mutalisk x3  
  102  8:03  Mutalisk  
  128  8:05  Overlord  
  128  8:06  Overlord x2  
  128  8:20  Overlord  
  128  8:23  Mutalisk x2  
  128  8:25  Mutalisk x5  
  142  8:27  Mutalisk  
  142  8:30  Zerg Flyer Weapons Level 1  
  142  8:33  Mutalisk  
  146  8:36  Mutalisk  
  146  8:39  Mutalisk  
  149  8:43  Mutalisk  
  149  8:44  Mutalisk  
  149  8:47  Mutalisk  
  155  8:50  Mutalisk  
  155  8:53  Mutalisk  
  159  8:57  Mutalisk  
  159  9:01  Mutalisk  
  163  9:07  Mutalisk  
  163  9:09  Overlord x2  
  165  9:19  Mutalisk  
  163  9:30  Mutalisk x4  
  159  9:41  Mutalisk x2  
  159  9:44  Mutalisk  
  161  9:47  Mutalisk  
  161  9:52  Mutalisk  
  157  9:54  Drone x9  
  157  9:56  Mutalisk  
  168  10:01  Mutalisk  
  170  10:13  Mutalisk  
  172  10:19  Drone  
  172  10:21  Overlord  
  173  10:22  Extractor  
  173  10:23  Extractor  
  169  10:32  Drone x4  
  169  10:46  Corruptor x7  
  181  10:54  Overlord x3  
  181  11:02  Overlord x2  
  156  11:26  Mutalisk x11  
  176  11:44  Mutalisk  
  176  11:46  Mutalisk  
  170  11:47  Mutalisk  
  168  11:56  Mutalisk, Overseer  
  168  11:58  Mutalisk x2  
  168  11:59  Mutalisk x2  
  178  12:02  Zergling x12  
  178  12:04  Mutalisk  
  178  12:07  Mutalisk  
  185  12:11  Mutalisk  
  185  12:15  Mutalisk  
  185  12:18  Mutalisk  
  185  12:22  Mutalisk  
  191  12:26  Mutalisk  
  191  12:29  Mutalisk  
  185  12:44  Mutalisk  
  169  12:47  Mutalisk x3  
  170  12:53  Mutalisk  
  170  12:57  Mutalisk  
  162  12:58  Mutalisk  
  162  13:01  Mutalisk  
  162  13:03  Zergling x2  
  162  13:04  Overlord x3  
  162  13:05  Overlord  
Tags
 
Add a new tag
Caveats
  • Supply blocks, unpowered buildings, or Contaminate may cause inaccurate times.
  • Supply counts are checked every 10 seconds.